PCL
ALBUQUERQUE ISOTOPES @ MILE HIGH BRONCOS
09/03/2023
 
TOP OF THE 1ST
Albuquerque Isotopes batting - Pitching for Mile High Broncos : RHP John Burris
Pitching: RHP John Burris
Batting: RHB Adrián García 0-0: Swinging Strike
0-1: Swinging Strike
0-2: Ball
1-2: Strikes out swinging
Batting: LHB David Griffin 0-0: Ball
1-0: Foul Ball, location: 2F
1-1: Foul Ball, location: 2F
1-2: Foul Ball, location: 2F
1-2: Ground out 4-3 (Groundball, 4)
Batting: RHB Edward Young 0-0: Ball
1-0: Fly out, F8 (Flyball, 89M)
Top of the 1st over - 0 run(s), 0 hit(s), 0 error(s), 0 left on base; Albuquerque 0 - Mile High 0
BOTTOM OF THE 1ST
Mile High Broncos batting - Pitching for Albuquerque Isotopes : RHP Jesús Silva
Pitching: RHP Jesús Silva
Batting: RHB Vincente Ventura 0-0: Ball
1-0: Called Strike
1-1: Foul Ball, location: 2F
1-2: Ball
2-2: Ball
3-2: Strikes out swinging
Batting: RHB Phil White 0-0: Ground out 5-3 (Groundball, 56)
Batting: LHB Bill Houston 0-0: Ground out 5-3 (Groundball, 56S)
Bottom of the 1st over - 0 run(s), 0 hit(s), 0 error(s), 0 left on base; Albuquerque 0 - Mile High 0
TOP OF THE 2ND
Albuquerque Isotopes batting - Pitching for Mile High Broncos : RHP John Burris
Batting: LHB Juan Carlos Sánchez 0-0: Ground out 4-3 (Groundball, 34)
Batting: RHB Adrian Prouse 0-0: Ball
1-0: Called Strike
1-1: Ground out 1-3 (Groundball, 15)
Batting: RHB Juan Alberto 0-0: Ball
1-0: Ball
2-0: SINGLE (Line Drive, 78S)
Batting: RHB Roberto Cardona 0-0: Ball
1-0: Swinging Strike
1-1: Foul Ball, location: 2F
1-2: Strikes out looking
Top of the 2nd over - 0 run(s), 1 hit(s), 0 error(s), 1 left on base; Albuquerque 0 - Mile High 0
BOTTOM OF THE 2ND
Mile High Broncos batting - Pitching for Albuquerque Isotopes : RHP Jesús Silva
Batting: RHB José Herrera 0-0: Ball
1-0: Ball
2-0: Ball
3-0: Base on Balls
Batting: RHB Juan Jose Guevana 0-0: Foul Ball, location: 2F
0-1: Swinging Strike
0-2: Fly out, F8 (Flyball, 8LD)
Batting: RHB Jesús Espinoza 0-0: Ball
1-0: Called Strike
José Herrera steals 2nd base
1-1: Ball
2-1: Called Strike
2-2: Ball
3-2: Strikes out swinging
Batting: RHB Juan Gonzáles 0-0: Ball
1-0: Ground out 6-3 (Groundball, 6)
Bottom of the 2nd over - 0 run(s), 0 hit(s), 0 error(s), 1 left on base; Albuquerque 0 - Mile High 0
TOP OF THE 3RD
Albuquerque Isotopes batting - Pitching for Mile High Broncos : RHP John Burris
Batting: RHB Len Burke 0-0: Foul Ball, location: 2F
0-1: Ball
1-1: Ball
2-1: Ball
3-1: Foul Ball, location: 2F
3-2: Foul Ball, location: 2F
3-2: Base on Balls
Batting: LHB Mark Vestal 0-0: Ball
1-0: Swinging Strike
1-1: Grounds into double play, U4-3 (Groundball, 4)
Batting: RHB Adrián García 0-0: Ball
1-0: Called Strike
1-1: Foul Ball, location: 2F
1-2: Ball
2-2: Ball
3-2: Fly out, F7 (Flyball, 7D)
Top of the 3rd over - 0 run(s), 0 hit(s), 0 error(s), 0 left on base; Albuquerque 0 - Mile High 0
BOTTOM OF THE 3RD
Mile High Broncos batting - Pitching for Albuquerque Isotopes : RHP Jesús Silva
Batting: RHB Ximena Campos 0-0: Ball
1-0: Called Strike
1-1: Called Strike
1-2: Foul Ball, location: 2F
1-2: Foul Ball, location: 2F
1-2: Strikes out looking
Batting: SHB Tom Stevens 0-0: Ball
1-0: Ball
2-0: Ground out U3 (Groundball, 3S)
Batting: RHB Vincente Ventura 0-0: Ball
1-0: SINGLE (Groundball, 4M)
Batting: RHB Phil White 0-0: Called Strike
0-1: Ball
1-1: 2-RUN HOME RUN (Flyball, 7D), Distance : 373 ft
Batting: LHB Bill Houston 0-0: Called Strike
0-1: Swinging Strike
0-2: Ball
1-2: Strikes out swinging
Bottom of the 3rd over - 2 run(s), 2 hit(s), 0 error(s), 0 left on base; Albuquerque 0 - Mile High 2
TOP OF THE 4TH
Albuquerque Isotopes batting - Pitching for Mile High Broncos : RHP John Burris
Batting: LHB David Griffin 0-0: Ball
1-0: Ball
2-0: Ball
3-0: Base on Balls
Batting: RHB Edward Young 0-0: Swinging Strike
0-1: Ball
1-1: Swinging Strike
1-2: Strikes out looking
Batting: LHB Juan Carlos Sánchez 0-0: Ball
David Griffin steals 2nd base
1-0: Ball
2-0: Ball
3-0: Called Strike
3-1: Foul Ball, location: 2F
3-2: DOUBLE (Flyball, 8LXD)
David Griffin scores
Batting: RHB Adrian Prouse 0-0: Called Strike
0-1: Ball
1-1: Foul Ball, location: 2F
1-2: Ball
2-2: Ball
3-2: Base on Balls
Batting: RHB Juan Alberto 0-0: Called Strike
0-1: DOUBLE (Line Drive, 7LM)
Juan Carlos Sánchez scores
Adrian Prouse to third
Batting: RHB Roberto Cardona 0-0: Ball
1-0: SINGLE (Groundball, 6MD)
Adrian Prouse scores
Juan Alberto to third
Runner from 3rd tries for Home, SAFE, no throw or cutoff
Batting: RHB Len Burke 0-0: Ball
1-0: Ball
2-0: SINGLE (Line Drive, 6MD)
Roberto Cardona to second
Runner from 2nd tries for 3rd, SAFE, no throw or cutoff
Batting: LHB Mark Vestal 0-0: Ball
1-0: Ball
2-0: Ball
3-0: Base on Balls
Len Burke to second
Batting: RHB Adrián García 0-0: Called Strike
0-1: Ball
1-1: Called Strike
1-2: Strikes out swinging
Batting: LHB David Griffin 0-0: Ball
1-0: Fly out, F7 (Flyball, 7S)
Top of the 4th over - 4 run(s), 4 hit(s), 0 error(s), 3 left on base; Albuquerque 4 - Mile High 2
BOTTOM OF THE 4TH
Mile High Broncos batting - Pitching for Albuquerque Isotopes : RHP Jesús Silva
Batting: RHB José Herrera 0-0: Ball
1-0: SINGLE (Groundball, 34D)
Batting: RHB Juan Jose Guevana 0-0: Ball
1-0: Fly out, F7 (Flyball, 78XD)
Runner from 1st tags up, SAFE at 2nd
Batting: RHB Jesús Espinoza 0-0: Ball
1-0: SINGLE (Line Drive, 8LS)
José Herrera to third
Batting: RHB Juan Gonzáles 0-0: Ball
1-0: Ball
2-0: Foul Ball, location: 2F
2-1: Swinging Strike
2-2: Foul Ball, location: 2F
2-2: Foul Ball, location: 2F
2-2: Strikes out swinging
Batting: RHB Ximena Campos 0-0: SINGLE (Line Drive, 4MD)
José Herrera scores
Jesús Espinoza to second
Batting: SHB Tom Stevens 0-0: Called Strike
0-1: Ball
1-1: Foul Ball, location: 2F
1-2: Ball
2-2: Ball
3-2: Foul Ball, location: 2F
3-2: Ground out 4-3 (Groundball, 4S)
Bottom of the 4th over - 1 run(s), 3 hit(s), 0 error(s), 2 left on base; Albuquerque 4 - Mile High 3
TOP OF THE 5TH
Albuquerque Isotopes batting - Pitching for Mile High Broncos : RHP John Burris
Batting: RHB Edward Young 0-0: Ball
1-0: Swinging Strike
1-1: Ball
2-1: Swinging Strike
2-2: Ball
3-2: Foul Ball, location: 2F
3-2: Foul Ball, location: 2F
3-2: Foul Ball, location: 2F
3-2: Strikes out looking
Batting: LHB Juan Carlos Sánchez 0-0: Swinging Strike
0-1: Foul Ball, location: 2F
0-2: Ground out 4-3 (Groundball, 4)
Batting: RHB Adrian Prouse 0-0: Ball
1-0: Ball
2-0: Ball
3-0: Called Strike
3-1: Base on Balls
Batting: RHB Juan Alberto 0-0: Called Strike
Adrian Prouse steals 2nd base
0-1: Foul Ball, location: 2F
0-2: Foul Ball, location: 2F
0-2: Foul Ball, location: 2F
0-2: Ball
1-2: Foul Ball, location: 2F
1-2: Ball
2-2: Ball
3-2: Ground out 5-3 (Groundball, 56)
Top of the 5th over - 0 run(s), 0 hit(s), 0 error(s), 1 left on base; Albuquerque 4 - Mile High 3
BOTTOM OF THE 5TH
Mile High Broncos batting - Pitching for Albuquerque Isotopes : RHP Jesús Silva
Batting: RHB Vincente Ventura 0-0: Called Strike
0-1: Ground out 4-3 (Groundball, 34)
Batting: RHB Phil White 0-0: Ball
1-0: Ball
2-0: Called Strike
2-1: Called Strike
2-2: Strikes out swinging
Batting: LHB Bill Houston 0-0: Ball
1-0: Ball
2-0: Swinging Strike
2-1: Fly out, F7 (Flyball, 7S)
Bottom of the 5th over - 0 run(s), 0 hit(s), 0 error(s), 0 left on base; Albuquerque 4 - Mile High 3
TOP OF THE 6TH
Albuquerque Isotopes batting - Pitching for Mile High Broncos : RHP John Burris
Pitching: LHP Mark Stewart
Batting: RHB Roberto Cardona 0-0: Called Strike
0-1: Ball
1-1: SINGLE (Line Drive, 8RS)
Batting: RHB Len Burke 0-0: Ball
1-0: Ball
2-0: Called Strike
2-1: Ball
3-1: Fielders Choice at 2nd, 3-6 (Groundball, 3)
Batting: LHB Mark Vestal 0-0: Foul Ball, location: 2F
0-1: Foul Ball, location: 2F
0-2: Ball
1-2: Strikes out swinging
Batting: RHB Adrián García 0-0: Called Strike
0-1: Ball
1-1: Ball
2-1: Ball
3-1: Base on Balls
Len Burke to second
Batting: LHB David Griffin 0-0: Ball
1-0: Ground out 4-3 (Groundball, 4D)
Top of the 6th over - 0 run(s), 1 hit(s), 0 error(s), 2 left on base; Albuquerque 4 - Mile High 3
BOTTOM OF THE 6TH
Mile High Broncos batting - Pitching for Albuquerque Isotopes : RHP Jesús Silva
Batting: RHB José Herrera 0-0: Called Strike
0-1: Fly out, F7 (Flyball, 7LS)
Batting: RHB Juan Jose Guevana 0-0: Called Strike
0-1: Ground out U3 (Groundball, 3)
Batting: RHB Jesús Espinoza 0-0: Ball
1-0: Called Strike
1-1: Called Strike
1-2: Strikes out swinging
Bottom of the 6th over - 0 run(s), 0 hit(s), 0 error(s), 0 left on base; Albuquerque 4 - Mile High 3
TOP OF THE 7TH
Albuquerque Isotopes batting - Pitching for Mile High Broncos : LHP Mark Stewart
Batting: RHB Edward Young 0-0: Ball
1-0: Called Strike
1-1: Swinging Strike
1-2: Ball
2-2: Strikes out swinging
Batting: LHB Juan Carlos Sánchez 0-0: Called Strike
0-1: Ground out 5-3 (Groundball, 56S)
Batting: RHB Adrian Prouse 0-0: Ball
1-0: SOLO HOME RUN (Flyball, 8RXD), Distance : 445 ft
Batting: RHB Juan Alberto 0-0: Swinging Strike
0-1: Fly out, F6 (Popup, 5)
Top of the 7th over - 1 run(s), 1 hit(s), 0 error(s), 0 left on base; Albuquerque 5 - Mile High 3
BOTTOM OF THE 7TH
Mile High Broncos batting - Pitching for Albuquerque Isotopes : RHP Jesús Silva
Pitching: LHP Cris Quezada
Batting: RHB Juan Gonzáles 0-0: Ball
1-0: Ball
2-0: Called Strike
2-1: DOUBLE (Line Drive, 7LS)
Batting: RHB Ximena Campos 0-0: Foul Ball, location: 2F
0-1: Swinging Strike
0-2: Ball
1-2: Strikes out looking
Batting: SHB Tom Stevens 0-0: SINGLE (Line Drive, 6MD)
Juan Gonzáles to third
Runner from 3rd tries for Home, SAFE, throw made home
Tom Stevens to second
Batting: RHB Vincente Ventura 0-0: Ball
1-0: Ball
2-0: Ground out 4-3 (Groundball, 4)
Tom Stevens to third
Pitching: RHP Unissa Hondo
Batting: RHB Phil White 0-0: Called Strike
0-1: Ground out 5-3 (Groundball, 56)
Bottom of the 7th over - 1 run(s), 2 hit(s), 0 error(s), 1 left on base; Albuquerque 5 - Mile High 4
TOP OF THE 8TH
Albuquerque Isotopes batting - Pitching for Mile High Broncos : LHP Mark Stewart
Pitching: RHP Dave Powers
Batting: RHB Roberto Cardona 0-0: Called Strike
0-1: Ball
1-1: Ball
2-1: Called Strike
2-2: Strikes out swinging
Batting: RHB Len Burke 0-0: Called Strike
0-1: Ball
1-1: Ball
2-1: Foul Ball, location: 2F
2-2: Ground out 5-3 (Groundball, 56)
Batting: LHB Mark Vestal 0-0: Foul Ball, location: 2F
0-1: Swinging Strike
0-2: Ball
1-2: Foul Ball, location: 2F
1-2: Ball
2-2: DOUBLE (Flyball, 7LD)
Pinch Hitting: LHB Domingo Cardona 0-0: Ball
1-0: Ball
2-0: Foul Ball, location: 2F
2-1: Foul Ball, location: 2F
2-2: Fly out, F4 (Line Drive, 4)
Top of the 8th over - 0 run(s), 1 hit(s), 0 error(s), 1 left on base; Albuquerque 5 - Mile High 4
BOTTOM OF THE 8TH
Mile High Broncos batting - Pitching for Albuquerque Isotopes : RHP Unissa Hondo
Pitching: LHP Austin Wall
Now at SS: Allen Parson
Batting: LHB Bill Houston 0-0: Called Strike
0-1: Foul Ball, location: 2F
0-2: Ball
1-2: Ball
2-2: Strikes out looking
Pitching: RHP Arthur Smith
Batting: RHB José Herrera 0-0: Called Strike
0-1: Foul Ball, location: 2F
0-2: Ball
1-2: Foul Ball, location: 2F
1-2: SINGLE (Line Drive, 4D)
Batting: RHB Juan Jose Guevana 0-0: Ball
1-0: Called Strike
1-1: Called Strike
1-2: Grounds into double play, 6-4-3 (Groundball, 6)
Bottom of the 8th over - 0 run(s), 1 hit(s), 0 error(s), 0 left on base; Albuquerque 5 - Mile High 4
TOP OF THE 9TH
Albuquerque Isotopes batting - Pitching for Mile High Broncos : RHP Dave Powers
Batting: LHB David Griffin 0-0: Swinging Strike
0-1: Fly out, F4 (Popup, 4S)
Batting: RHB Edward Young 0-0: Called Strike
0-1: Ball
1-1: SINGLE (Line Drive, 78S)
Batting: LHB Juan Carlos Sánchez 0-0: Called Strike
0-1: 2-RUN HOME RUN (Flyball, 9D), Distance : 387 ft
Batting: RHB Adrian Prouse 0-0: Foul Ball, location: 2F
0-1: Ball
1-1: Foul Ball, location: 2F
1-2: Strikes out swinging
Batting: RHB Juan Alberto 0-0: Swinging Strike
0-1: Ball
1-1: Swinging Strike
1-2: Ball
2-2: DOUBLE (Line Drive, 56D)
Pitching: RHP Myoung-chul Im
Batting: RHB Roberto Cardona 0-0: Ball
1-0: Called Strike
1-1: Ground out 5-3 (Groundball, 56)
Top of the 9th over - 2 run(s), 3 hit(s), 0 error(s), 1 left on base; Albuquerque 7 - Mile High 4
BOTTOM OF THE 9TH
Mile High Broncos batting - Pitching for Albuquerque Isotopes : RHP Arthur Smith
Pitching: RHP Pepe Hernández
Batting: RHB Jesús Espinoza 0-0: Ball
1-0: Foul Ball, location: 2F
1-1: Foul Ball, location: 2F
1-2: Strikes out looking
Batting: RHB Juan Gonzáles 0-0: Foul Ball, location: 2F
0-1: Ball
1-1: Ball
2-1: Foul Ball, location: 2F
2-2: Ground out 1-3 (Groundball, 13S)
Batting: RHB Ximena Campos 0-0: Ball
1-0: Foul Ball, location: 2F
1-1: Ball
2-1: Called Strike
2-2: Strikes out swinging
Bottom of the 9th over - 0 run(s), 0 hit(s), 0 error(s), 0 left on base; Albuquerque 7 - Mile High 4
This league is powered by Out of the Park Baseball, the baseball management simulation game for PC, Mac and Linux
Wednesday, December 2nd, 2015 - OOTP Baseball 16.8 Build 38